 Dungeon Crawl Stone Soup version 0.30-a0-726-gd89dcf765f (webtiles) character file.

Game seed: 6228656459566127374

82 M4edhros the Insei (level 4, -4/27 HPs)
             Began as an Octopode Monk on Jan 29, 2023.
             Slain by a worm (6 damage)
             ... in a sewer.
             The game lasted 00:01:48 (545 turns).

M4edhros the Insei (Octopode Monk)                   Turns: 545, Time: 00:01:48

Health: -4/27      AC:  3    Str: 10    XL:     4   Next: 43%
Magic:  4/4        EV: 14    Int: 12    God:
Gold:   29         SH:  0    Dex: 16    Spells: 3/3 levels left

rFire   . . .      SeeInvis .      - Unarmed
rCold   . . .      Faith    .    (no shield)
rNeg    . . .      Spirit   .    (helmet restricted)
rPois   .          Reflect  .    (no amulet)
rElec   .          Harm     .    (no ring)
rCorr   .          Rampage  .    (no ring)
Will    .....                    (no ring)
Stlth   +++                      (no ring)
HPRegen 0.24/turn                (no ring)
MPRegen 0.09/turn                (no ring)
                                 (no ring)
                                 (no ring)

@: unable to drink
A: almost no armour, amphibious, 8 rings, camouflage 1, gelatinous body 1,
(nimble swimmer 1), tentacles, iridescent scales 1, frail 1, inability to drink
after injury 1
a: no special abilities


You were in a sewer.
You visited 1 branch of the dungeon, and saw 3 of its levels.
You also visited: Sewer.

You collected 29 gold pieces.

Inventory:

Missiles
 d - 3 poisoned darts (quivered)


   Skills:
 - Level 3.0 Fighting
 - Level 3.0 Dodging
 - Level 2.6 Stealth
 + Level 5.1 Unarmed Combat


You had 3 spell levels left.
You didn't know any spells.
Your spell library contained the following spells:

 Spells                   Type           Power      Damage    Failure   Level
 Tukima's Dance           Hex            0%         N/A       69%         3
 Passage of Golubria      Tloc           0%         N/A       97%         4
 Yara's Violent Unravell  Hex/Tmut       0%         3d3       100%        5


Dungeon Overview and Level Annotations

Branches:
Dungeon (3/15)              Sewer (1/1)

Altars:
Gozag


Innate Abilities, Weirdness & Mutations

You cannot wear most types of armour.
You are amphibious.
You can wear up to eight rings at the same time.
Your skin changes colour to match your surroundings (Stealth+).
Your rubbery body absorbs attacks. (AC +1, EV +1)
((You are camouflaged when in or above water. (Stealth+)))
You have tentacles for arms and can constrict up to eight enemies at once.
You are partially covered in iridescent scales. (AC +2)
You are frail. (-10% HP)
You occasionally lose the ability to drink potions when taking damage.


Message History

You constrict the worm. The river rat completely misses you.
You are confused.
You feel invigorated.
You constrict the worm. The river rat barely misses you. The worm bites you.
* * * LOW HITPOINT WARNING * * *
You release your grip on the worm.
The river rat closely misses you.
You tentacle-slap the river rat.
The river rat is lightly wounded.
The river rat barely misses you.
You miss the river rat.
The river rat is lightly wounded.
The river rat barely misses you. The worm bites you.
You barely miss the river rat.
The river rat is lightly wounded.
The river rat bites you!
You feel threatened and lose the ability to drink potions!
* * * LOW HITPOINT WARNING * * *
You bump into the rock wall.
The river rat bites you!
* * * LOW HITPOINT WARNING * * *
The worm bites you.
* * * LOW HITPOINT WARNING * * *
You closely miss the river rat.
The river rat is lightly wounded.
You feel less invigorated.
You feel less confused. The river rat completely misses you.
You barely miss the river rat. Your grab misses the river rat.
You tentacle-slap the river rat, but do no damage.
The river rat is lightly wounded.
The worm closely misses you. The river rat barely misses you.
You tentacle-slap the river rat. Your grab misses the river rat.
Your squeeze misses the river rat.
The river rat is heavily wounded.
The river rat bites you!
* * * LOW HITPOINT WARNING * * *
You tentacle-slap the river rat. You grab the river rat.
The river rat is severely wounded.
You constrict the river rat, but do no damage.
The worm bites you.
You die...

#####
#∩..##
##....##
#∩.....#
#......#
##...w@#
#...r##
##..##
#..#
#...
#..# ..~
#~~.


You could see a worm and a river rat.

Vanquished Creatures
  A river rat (D:3)
  4 adders
  2 worms (D:3)
  2 orcs (D:3)
  2 ball pythons
  2 bats
  An endoplasm (D:1)
  7 jackals
  A quokka (D:2)
  2 frilled lizards (D:3)
  3 kobolds
  3 rats (D:3)
30 creatures vanquished.

Vanquished Creatures (others)
  4 plants (D:3)
4 creatures vanquished.

Grand Total: 34 creatures vanquished

Notes
Turn   | Place    | Note
-------+----------+-------------------------------------------
     0 | D:1      | M4edhros the Octopode Monk began the quest for the Orb.
     0 | D:1      | Reached XP level 1. HP: 16/16 MP: 1/1
    43 | D:2      | Reached XP level 2. HP: 20/21 MP: 2/2
   187 | D:2      | Reached skill level 4 in Unarmed Combat
   187 | D:2      | Reached XP level 3. HP: 26/26 MP: 3/3
   283 | D:3      | Found an opulent altar of Gozag.
   442 | D:3      | Reached XP level 4. HP: 21/31 MP: 4/4
   459 | D:3      | Reached skill level 5 in Unarmed Combat
   468 | D:3      | Found a glowing drain.
   525 | Sewer    | Entered a sewer
   535 | Sewer    | Gained mutation: You are frail. (-10% HP) [potion of
                  | mutation]
   535 | Sewer    | Gained mutation: You occasionally lose the ability to drink
                  | potions when taking damage. [potion of mutation]
   535 | Sewer    | Gained mutation: You are partially covered in iridescent
                  | scales. (AC +2) [potion of mutation]
   545 | Sewer    | Slain by a worm

Illustrated notes

Levels and vault maps discovered:
D:1:      lightli_arrival_lavapool, layout_basic, serial_bayou,
          serial_bayou_pond_e, serial_bayou_shore_b, serial_bayou_lagoon_a,
          serial_bayou_crossing
D:2:      layout_basic, minmay_circle_x
D:3:      layout_loops_ring, mainiacjoe_overflow_cross_hatched,
          lightli_sewer_entry_pipes
Sewer:    sewer_fruit_machine

Skill      XL: |  1  2  3  4 |
---------------+-------------+-----
Unarmed Combat | 4 5 |  5.1
Fighting       | |  3.0
Dodging        | |  3.0
Stealth        | |  2.6

Action                     |  1- 3 |  4- 6 || total
---------------------------+-------+-------++-------
  Melee: Unarmed           |    64 |    19 ||    83
         Constrict         |    14 |     6 ||    20
         Tentacles         |     9 |     2 ||    11
         Punch             |       |     2 ||     2
    Use: Scroll            |     1 |       ||     1
         Potion            |       |     3 ||     3
   Stab: Sleeping          |     4 |     5 ||     9
 Armour: Skin              |     2 |       ||     2
  Dodge: Dodged            |    43 |    13 ||    56

Table legend: (Time is in decaauts)
 A = Elapsed time spent in this place.
 B = Non-inter-level travel time spent in this place.
 C = Inter-level travel time spent in this place.
 D = Time resting spent in this place.
 E = Time spent auto-exploring this place.
 F = Levels seen in this place.
 G = Mean time per level.
                   A        B        C        D        E       F      G
               +--------+--------+--------+--------+--------+-----+--------+
         Total |    536 |    498 |     38 |     50 |    174 |   4 |  134.0 |
       Dungeon |    518 |    480 |     38 |     50 |    174 |   3 |  172.7 |
         Sewer |     18 |     18 |      0 |      0 |      0 |   1 |   18.0 |
               +--------+--------+--------+--------+--------+-----+--------+

Top non-repeatable levels by time:
     D:3: 254 daAuts
     D:2: 229 daAuts
     D:1: 33 daAuts
   Sewer: 18 daAuts
